 Dungeon Crawl Stone Soup version 0.20-a0-555-gf6ae02d (webtiles) character file.

105 Klosterheim the Slasher (level 4, -3/39 HPs)
             Began as a Minotaur Fighter on Feb 5, 2017.
             Killed by divine providence
             ... invoked by an orc priest
              (14 damage)
             ... on level 3 of the Dungeon.
             The game lasted 00:02:23 (1772 turns).

Klosterheim the Slasher (Minotaur Fighter)          Turns: 1772, Time: 00:02:24

Health: -3/39      AC: 11    Str: 21    XL:     4   Next: 54%
Magic:  3/3        EV:  3    Int:  5    God:
Gold:   52         SH:  9    Dex: 10    Spells: 3/3 levels left

rFire    . . .     SeeInvis .   a - +0 long sword
rCold    . . .     Gourm    .   p - +0 plate armour
rNeg     . . .     Faith    .   c - +0 shield
rPois    .         Spirit   .   (helmet restricted)
rElec    .         Reflect  .   (no cloak)
rCorr    .         Harm     .   (no gloves)
MR       .....                  (no boots)
Stlth    ..........             (no amulet)
Regen    0.2/turn               (no ring)
                                (no ring)

@: no status effects
A: retaliatory headbutt, horns 2
a: no special abilities


You were on level 3 of the Dungeon.
You were not hungry.

You visited 1 branch of the dungeon, and saw 3 of its levels.

You collected 52 gold pieces.

Inventory:

Hand Weapons
 a - a +0 long sword (weapon)
Armour
 c - a +0 shield (worn)
 p - a +0 plate armour (worn)
Scrolls
 b - a scroll of identify {unknown}
 e - a scroll of magic mapping {unknown}
 j - a scroll of blinking {unknown}
 k - 2 scrolls of teleportation {unknown}
 r - a scroll of fear {unknown}
Potions
 d - a potion of might
 g - a potion of haste {unknown}
 i - 2 potions of cancellation {unknown}
 l - 2 potions of heal wounds {unknown}
 m - a potion of mutation {unknown}
 n - a potion of degeneration {unknown}
 o - a potion of ambrosia {unknown}
 s - 2 potions of curing {unknown}
 t - 2 potions of brilliance {unknown}
Comestibles
 f - 2 bread rations
 q - 3 fruits


   Skills:
 - Level 3.6 Fighting
 + Level 5.9 Long Blades
 - Level 3.6 Armour
 - Level 3.6 Shields


You had 3 spell levels left.
You didn't know any spells.

Dungeon Overview and Level Annotations

Branches:
Dungeon (3/15)

Altars:


Innate Abilities, Weirdness & Mutations

You reflexively headbutt those who attack you in melee.
You have a pair of horns on your head.


Message History

The orc wizard begins to cast a cantrip, but forgets the words!
An orc comes into view. It is wielding a trident.
You closely miss the orc priest.
The orc priest begins to cast a cantrip, but forgets the words!
The orc hits you but does no damage. You block the orc priest's attack.
Your shield and plate armour prevent you from hitting the orc priest.
Your headbutt misses the orc priest. The orc hits you but does no damage.
You block the orc priest's attack.
You hit the orc priest but do no damage.
You block the orc's attack. The orc hits you but does no damage.
The orc priest invokes the aid of Beogh against you.
Beogh smites you!
* * * LOW HITPOINT WARNING * * *
Your shield prevents you from hitting the orc priest.
Your headbutt misses the orc priest. You block the orc's attack.
The orc hits you but does no damage.
The orc priest looks braver for a moment.
The orc priest mumbles some strange prayers to Beogh against you.
Beogh smites you!
You die...

#.[ .# #.=..#.# #...#
#!.....#######...####
###....#.#.............
............ .......
#o....8..# ......
#..#....# #.##...#
#.oo.8..# #.##...#
#.##@...+ #.##...# #
#.8..# #..#...#
#....###......#
##.8..#..##...####
#......##.......#
#.####.##รท#.#...#
#.#....##.#......
.####.#.#......<<....
...........##.#......


You could see an orc priest and 2 orcs.

Vanquished Creatures
  2 gnolls (D:2)
  3 adders
  A worm (D:2)
  2 dart slugs (D:1)
  A giant cockroach (D:1)
  2 goblins
  6 hobgoblins
  8 jackals
  5 kobolds
  A quokka (D:3)
  A ball python (D:2)
  11 bats
  3 frilled lizards
  4 rats
50 creatures vanquished.

Notes
Turn   | Place    | Note
-------+----------+-------------------------------------------
     0 | D:1      | Klosterheim the Minotaur Fighter began the quest for the Orb.
     0 | D:1      | Reached XP level 1. HP: 19/19 MP: 0/0
   153 | D:1      | Reached skill level 3 in Long Blades
   154 | D:1      | Reached XP level 2. HP: 25/26 MP: 1/1
   302 | D:1      | Reached skill level 4 in Long Blades
   774 | D:2      | Reached XP level 3. HP: 31/31 MP: 2/2
   993 | D:2      | Reached skill level 5 in Long Blades
  1386 | D:2      | Reached XP level 4. HP: 39/39 MP: 3/3
  1772 | D:3      | Killed from afar by an orc priest

Vault maps used:
D:1:      lightli_arrival_maybe_door_vault
D:3:      nicolae_ru_the_path_less_chosen, zin_statuary, minivault_27

Skill      XL: |  1  2  3 |
---------------+----------+-----
Long Blades    | 3 4 5 |  5.9
Fighting       | |  3.6
Armour         | |  3.6
Shields        | |  3.6

Action                   |  1- 3 |  4- 6 || total
-------------------------+-------+-------++-------
Melee: Long sword        |    91 |    24 ||   115
       Headbutt          |    19 |     5 ||    24
  Eat: Chunk             |     1 |     2 ||     3
Armor: Scale mail        |    16 |       ||    16
       Plate armour      |    30 |    22 ||    52
Dodge: Dodged            |    18 |     6 ||    24
Block: Shield            |    49 |    21 ||    70
       Rpst.: Long sword |     4 |     2 ||     6
